 Dungeon Crawl Stone Soup version 0.27-a0-277-g024f7ef292 (webtiles) character file.

Game seed: 6639682152319139988

123137 dolemite99 the Destroyer (level 16, -11/124 HPs)
             Began as a Demonspawn Venom Mage on Feb 5, 2021.
             Was a High Priest of Vehumet.
             Killed from afar by Asterion (43 damage)
             ... with a bolt of fire
             ... on level 2 of the Snake Pit.
             The game lasted 01:22:35 (47152 turns).

dolemite99 the Destroyer (Demonspawn Venom Mage)   Turns: 47152, Time: 01:22:35

Health: -11/124    AC: 23    Str: 16    XL:     16   Next: 36%
Magic:  2/26       EV: 33    Int: 23    God:    Vehumet [*****.]
Gold:   1785       SH:  0    Dex: 15    Spells: 4/29 levels left

rFire    . . .     SeeInvis .   p - +12 hunting sling of Context {freeze, rN+ Int+2}
rCold    + . .     Faith    .   (no shield)
rNeg     + . .     Spirit   .   F - +3 swamp dragon scales
rPois    +         Reflect  .   (helmet restricted)
rElec    .         Harm     .   k - +2 cloak
rCorr    .         Rampage  .   m - +2 pair of gloves
Will     ++...                  K - +2 pair of boots
Stlth    +.........             o - amulet of the acrobat
HPRegen  0.30/turn              B - ring of Sedunoe {rPois rC+ Str+6, =R}
MPRegen  0.20/turn              Y - ring of willpower

@: lethally poisoned (-11 -> -13), acrobat, repel missiles
A: antennae 2, repulsion field 3, ignite blood 1, spiny 1
a: Renounce Religion


You were on level 2 of the Snake Pit.
You worshipped Vehumet.
Vehumet was extremely pleased with you.
You visited 5 branches of the dungeon, and saw 26 of its levels.

You collected 3381 gold pieces.
You spent 1596 gold pieces at shops.

Inventory:

Hand Weapons
 a - a +4 whip of electrocution
 b - a +1 hunting sling of venom
 p - the +12 hunting sling of Context (weapon) {freeze, rN+ Int+2}
   (You found it on level 1 of the Snake Pit)

   It causes projectiles fired from it to freeze those they strike, causing
   extra injury to most foes and up to half again as much damage against
   particularly susceptible opponents.
   They can also slow down cold-blooded creatures.
   It affects your intelligence (+2).
   It protects you from negative energy.
 s - the +8 morningstar "Ynuer" {vorpal, rC+}
   (You bought it in a shop on level 1 of the Snake Pit)

   It inflicts extra damage upon your enemies.
   It protects you from cold.
 y - the +10 spear "Jellybane" {vorpal, rN+ Will+ Int+2 SInv}
   (You bought it in a shop on level 15 of the Dungeon)

   It inflicts extra damage upon your enemies.
   It affects your intelligence (+2).
   It protects you from negative energy.
   It affects your willpower, your defense against some magical effects.
   It lets you see invisible.
 H - the +2 mace of Wyrd {vorpal, +Rage Will+ Dex+4}
   (You found it on level 5 of the Dungeon)

   It inflicts extra damage upon your enemies.
   It affects your dexterity (+4).
   It affects your willpower, your defense against some magical effects.
   It lets you go berserk.
 Z - the +1 short sword of the Wraith {flame, +Rage rElec}
   (You bought it in a shop on level 15 of the Dungeon)

   It has been specially enchanted to burn those struck by it, causing extra
   injury to most foes and up to half again as much damage against particularly
   susceptible opponents.
   It insulates you from electricity.
   It lets you go berserk.
Missiles
 d - 907 stones
 n - 135 sling bullets (quivered ammo)
 L - 8 boomerangs
 R - 3 boomerangs of dispersal
Armour
 k - a +2 cloak (worn)
 m - a +2 pair of gloves (worn)
 F - +3 swamp dragon scales (worn)
 K - a +2 pair of boots (worn)
Magical Staves
 w - an uncursed staff of poison
 E - an uncursed staff of earth
 O - an uncursed staff of cold
Jewellery
 c - an uncursed ring of flight
 o - an amulet of the acrobat (around neck)
 v - the ring of Quuve {rF+ MP+9 Str+3}
   (You bought it in a shop on level 1 of the Snake Pit)

   [ring of magical power]

   It affects your strength (+3).
   It protects you from fire.
   It affects your magic capacity (+9).
 B - the ring of Sedunoe (left hand) {rPois rC+ Str+6, =R}
   (You acquired it on level 8 of the Dungeon)

   [ring of protection from cold]

   It affects your strength (+6).
   It protects you from cold.
   It protects you from poison.
 C - an uncursed ring of poison resistance
 I - a +4 ring of slaying
 J - an uncursed ring of positive energy
 Q - a +6 ring of intelligence
 X - a +4 ring of protection
 Y - a ring of willpower (right hand)
Wands
 e - a wand of polymorph (19)
 i - a wand of paralysis (2)
 q - a wand of random effects (21)
 U - a wand of flame (10)
Scrolls
 r - 11 scrolls of teleportation
 A - 19 scrolls of remove curse {@r2}
 N - 4 scrolls of magic mapping
 P - a scroll of enchant weapon
 T - 4 scrolls of identify {@r1}
 W - 3 scrolls of fog
Potions
 f - 3 potions of attraction
 h - 2 potions of heal wounds
 j - 2 potions of flight
 l - 4 potions of lignification
 t - a potion of brilliance
 u - a potion of ambrosia
 x - a potion of magic
 z - 2 potions of cancellation
 D - 3 potions of berserk rage
 G - 4 potions of degeneration
 M - 2 potions of might
 V - 5 potions of curing


   Skills:
 - Level 10.7 Fighting
 - Level 6.8 Maces & Flails
 + Level 3.3 Slings
 - Level 8.9 Armour
 - Level 6.0 Dodging
 - Level 1.7 Stealth
 - Level 7.0 Spellcasting
 - Level 11.8 Conjurations
 - Level 3.4 Hexes
 - Level 5.2 Transmutations
 - Level 11.0 Fire Magic
 - Level 4.4 Air Magic
 - Level 8.0 Earth Magic
 - Level 9.8 Poison Magic
 - Level 6.3 Evocations


You had 4 spell levels left.
You knew the following spells:

 Your Spells              Type           Power        Failure   Level
a - Sticky Flame          Conj/Fire      57%          1%          4
b - Poisonous Vapours     Pois/Air       80%          1%          2
c - Olgreb's Toxic Radia  Pois           52%          1%          4
d - Ignite Poison         Fire/Tmut/Pois 48%          1%          3
e - Bolt of Magma         Conj/Fire/Erth 26%          1%          5
g - Mephitic Cloud        Conj/Pois/Air  48%          1%          3
h - Static Discharge      Conj/Air       45%          1%          3
s - Animate Skeleton      Necr           16%          13%         1

Your spell library contained the following spells:

 Spells                   Type           Power        Failure   Level
 Conjure Ball Lightning   Conj/Air       22%          17%         6
 Foxfire                  Conj/Fire      100%         1%          1
 Magic Dart               Conj           100%         1%          1
 Sting                    Tmut/Pois      100%         1%          1
 Searing Ray              Conj           100%         1%          2
 Conjure Flame            Conj/Fire      57%          1%          3
 Dazzling Flash           Conj/Hex       86%          1%          3
 Inner Flame              Hex/Fire       41%          1%          3
 Fulminant Prism          Conj/Hex       21%          1%          4
 Corona                   Hex            26%          3%          1
 Iskenderun's Mystic Bla  Conj/Tloc      35%          3%          4
 Petrify                  Tmut/Erth      38%          9%          4
 Confusing Touch          Hex            24%          10%         3
 Apportation              Tloc           16%          13%         1
 Pain                     Necr           32%          13%         1
 Summon Small Mammal      Summ           32%          13%         1
 Gell's Gravitas          Tloc           4%           36%         3
 Vampiric Draining        Necr           4%           36%         3
 Animate Dead             Necr           4%           77%         4
 Fireball                 Conj/Fire      28%          1%          5
 Iskenderun's Battlesphe  Conj           58%          1%          5
 Lightning Bolt           Conj/Air       22%          3%          5
 Starburst                Conj/Fire      28%          5%          6
 Iron Shot                Conj/Erth      26%          9%          6
 Yara's Violent Unravell  Hex/Tmut       14%          16%         5
 Orb of Destruction       Conj           29%          21%         7
 Freezing Cloud           Conj/Ice/Air   16%          45%         6
 Metabolic Englaciation   Hex/Ice        8%           87%         5
 Summon Mana Viper        Hex/Summ       16%          87%         5
 Ignition                 Fire           28%          89%         8
 Spellforged Servitor     Conj/Summ      17%          90%         7
 Agony                    Necr           8%           98%         5
 Summon Forest            Summ/Tloc      4%           98%         5
 Shadow Creatures         Summ           N/A          100%        6
 Summon Hydra             Summ           4%           100%        7
 Shatter                  Erth           22%          100%        9
 Tornado                  Air            14%          100%        9


Dungeon Overview and Level Annotations

Branches:
Dungeon (15/15)            Temple (0/1) D:6            Lair (6/6) D:11
 Shoals (1/4) Lair:4        Snake (2/4) Lair:2        Slime (0/5) Lair:5
    Orc (2/2) D:9             Elf (0/3) Orc:2        Vaults (0/5) D:13
 Depths (0/5) D:15

Altars:
Hepliaklqana
Kikubaaqudgha
Makhleb
Qazlal
Vehumet
Wu Jian
Xom
Yredelemnul
Beogh

Shops:
D:15 (   Orc:2 [:[   Snake:1 =(

Annotations:
D:3 3 runed translucent doors, ALWAYSlose's ghost, amateur MiBe; Rocko1345's ghost, novice HOFi
D:10 1 runed translucent door
D:11 exclusion: 2 doors
Lair:3 2 runed translucent doors, garrulousMonolith's ghost, journeyman GnWz
Lair:4 exclusion: 3 oklob plants
Lair:5 2 exclusions
Shoals:1 exclusion: 2 oklob plants
Snake:2 Asterion; Vashnia


Innate Abilities, Weirdness & Mutations

You have a pair of antennae on your head.
You are surrounded by a strong repulsion field. (EV +4, RMsl)
Your demonic aura sometimes causes spilled blood to erupt in flames You are partially covered in sharp spines.


Message History

You easily resist.
Aiming: Paralyse
Press: ? - help, Shift-Dir - straight line, f/p - Asterion
Aim: Asterion, wielding a +5 demon trident of electrocution, wearing a +0 leather armour and wearing a +0 kite shield (almost dead, fast, poisoned, chance to affect: 7%) Asterion resists with almost no effort.
You feel sick.
Asterion conjures a destructive force in the name of Makhleb!
The bolt of negative energy misses you. The nagaraja casts a spell at you.
The bolt of poison hits you but does no damage.
You resist.
Asterion conjures a destructive force in the name of Makhleb!
The orb of electricity explodes!
The orb of electricity engulfs you!!!
* * * LOW HITPOINT WARNING * * *
You hear an angry hiss.
You hear a shout!
You hear an angry hiss.
You hear a shout!
The nagaraja spits poison at you.
The splash of poison is repelled.
Asterion conjures a destructive force in the name of Makhleb!
The bolt of fire hits you!!!
You die...

#### #...# #...≈≈≈... ###..##
♣#....$.#...# #...≈≈)... .##...##
...$....#...###...≈≈≈...
.......## #......#..).#.)..≈≈≈...
........###......#.........≈≈≈...
.................##.......≈≈≈≈≈..
....H............###.....≈≈≈≈≈≈≈.
.N.2N.....N.....#..######≈≈≈)≈≈≈#
...###....2H....@...............[
..## ###..............##.........
..# ##............####........
..# ##..........## #........ ..#
##..........## #.....###. ..##
##..........## #....## .
.).####............# #...## .
....##.........#...# ...##
........###...####..


You could see Asterion (fast, poisoned), a nagaraja (fast, catching breath) and
a blizzard demon (summoned).

Vanquished Creatures
  Nikola (Shoals:1)
  Kirke (D:12)
  Louise (Lair:4)
  Nessos (Lair:5)
  An ettin (D:15)
  Josephine (Lair:4)
  2 naga warriors (Snake:1)
  8 hydras
  3 boulder beetles
  3 ogre magi
  4 centaur warriors
  A merfolk avatar (Shoals:1)
  4 anacondas
  7 death yaks
  4 two-headed ogres
  2 tengu warriors
  Nergalle (Orc:2)
  2 shock serpents
  8 sea snakes
  4 unseen horrors
  A deep troll (D:15)
  2 naga ritualists
  A deep elf archer (D:13)
  A necromancer (D:13)
  A wizard (D:13)
  9 harpies (Shoals:1)
  15 ugly things
  Pikel (D:9)
  A wolf spider (Lair:6)
  A deep elf pyromancer (D:13)
  5 mana vipers
  8 orc sorcerers (Orc:2)
  5 manticores
  2 cyclopes
  7 fauns (Shoals:1)
  2 guardian serpents
  3 centaur zombies
  Joseph (D:7)
  A water nymph (Shoals:1)
  2 salamanders (Snake:1)
  3 merfolk sirens (Shoals:1)
  15 black mambas
  A gargoyle (D:13)
  A naga mage (Snake:2)
  An eye of devastation (Lair:5)
  21 cane toads
  Maggie (D:5)
  8 komodo dragons
  A rime drake (Lair:5)
  A tengu conjurer (D:15)
  6 merfolk
  A wind drake (Shoals:1)
  2 hornets (Lair:6)
  2 polar bears
  6 meliai (D:15)
  5 trolls
  Grinder (D:6)
  18 blink frogs
  3 snapping turtles (Shoals:1)
  3 dream sheep (Shoals:1)
  7 wraiths
  5 redbacks (Lair:6)
  13 wyverns
  A shadow (D:9)
  6 water elementals
  3 basilisks
  43 yaks
  2 hogs (D:12)
  A steam dragon (D:12)
  3 vampire mosquitoes
  A human (D:12)
  Menkaure (D:6)
  6 nagas
  A soldier ant (D:11)
  5 wargs
  An acid dragon (D:13)
  24 water moccasins
  9 sky beasts
  2 eyes of draining
  An ice beast (D:6)
  A necrophage (D:7)
  10 orc warriors
  4 black bears
  15 centaurs
  14 ogres
  20 wolves
  A lemure (D:9)
  4 phantoms
  A big kobold (D:12)
  19 bullfrogs
  2 wyvern skeletons
  5 scorpions
  2 troll zombies (D:9)
  19 killer bees
  10 wights
  5 electric eels (D:15)
  6 howler monkeys
  A crimson imp (D:8)
  A bullfrog zombie (D:12)
  3 bullfrog skeletons
  2 jellies
  17 orc priests
  Crazy Yiuf (D:7)
  6 hounds
  3 iguanas
  5 centaur skeletons
  A human skeleton (D:13)
  31 orc wizards
  12 worker ants
  A killer bee zombie (D:6)
  4 ogre zombies (D:9)
  2 hound zombies
  A hound skeleton (D:8)
  A worker ant zombie (D:9)
  4 gnolls
  17 adders
  A shadow imp (D:7)
  2 white imps
  2 oozes
  3 ufetubi
  2 adder skeletons
  5 worms
  3 dart slugs
  4 leopard geckos
  42 orcs
  4 giant cockroaches
  4 goblins
  12 hobgoblins
  4 quokkas
  5 bats
  3 frilled lizards
  2 goblin skeletons (D:9)
  2 goblin zombies (D:9)
  A hobgoblin skeleton (D:9)
  2 hobgoblin zombies (D:9)
  A jackal zombie (D:4)
  10 kobolds
  A kobold skeleton (D:10)
  3 orc skeletons (D:9)
  9 orc zombies (D:9)
  6 rats
747 creatures vanquished.

Vanquished Creatures (collateral kills)
  A merfolk avatar (Shoals:1)
  A merfolk siren (Shoals:1)
  2 merfolk (Shoals:1)
4 creatures vanquished.

Vanquished Creatures (others)
  A naga (Snake:2)
  A centaur (D:13)
  A worker ant (D:12)
  71 fungi
  251 plants
  5 withered plants (D:3)
330 creatures vanquished.

Grand Total: 1081 creatures vanquished

Notes
Turn   | Place    | Note
-------+----------+-------------------------------------------
     0 | D:1      | dolemite99 the Demonspawn Venom Mage began the quest for
                  | the Orb.
     0 | D:1      | Reached XP level 1. HP: 13/13 MP: 3/3
   505 | D:1      | Gained mutation: You are partially covered in sharp spines.
                  | [demonic ancestry]
   505 | D:1      | Reached XP level 2. HP: 19/19 MP: 1/5
  1422 | D:2      | Gained mutation: You are surrounded by a mild repulsion
                  | field. (EV +2) [demonic ancestry]
  1422 | D:2      | Reached XP level 3. HP: 24/24 MP: 3/6
  1593 | D:2      | Learned a level 2 spell: Poisonous Vapours
  2280 | D:2      | Reached skill level 5 in Poison Magic
  2280 | D:2      | Gained mutation: You are surrounded by a moderate repulsion
                  | field. (EV +3) [demonic ancestry]
  2280 | D:2      | Reached XP level 4. HP: 30/30 MP: 2/7
  3450 | D:3      | Noticed a bullfrog
  3455 | D:3      | Killed a bullfrog
  3456 | D:3      | Reached XP level 5. HP: 29/35 MP: 3/8
  3511 | D:3      | Learned a level 4 spell: Olgreb's Toxic Radiance
  3556 | D:3      | Found a runed translucent gate.
  3556 | D:3      | Found a runed translucent gate.
  3556 | D:3      | Found a runed translucent gate.
  4067 | D:3      | Noticed Rocko1345's ghost (novice HOFi)
  4068 | D:3      | Noticed ALWAYSlose's ghost (amateur MiBe)
  4352 | D:3      | Noticed a phantom
  4370 | D:3      | Killed a phantom
  4371 | D:3      | Reached XP level 6. HP: 40/41 MP: 9/9
  5264 | D:5      | Entered Level 5 of the Dungeon
  5462 | D:4      | Reached skill level 1 in Transmutations
  5507 | D:4      | Reached skill level 1 in Air Magic
  5839 | D:4      | Reached XP level 7. HP: 46/46 MP: 1/10
  6108 | D:5      | Found a radiant altar of Vehumet.
  6115 | D:5      | Became a worshipper of Vehumet
  6466 | D:5      | Got an iridescent mace
  6477 | D:5      | Identified the +2 mace of Wyrd {vorpal, +Rage Will+ Dex+4}
                  | (You found it on level 5 of the Dungeon)
  7125 | D:6      | Noticed Maggie
  7139 | D:5      | Killed Maggie
  7489 | D:6      | Gained mutation: You have a pair of small antennae on your
                  | head. [demonic ancestry]
  7489 | D:6      | Reached XP level 8. HP: 52/52 MP: 8/11
  7825 | D:6      | Learned a level 3 spell: Mephitic Cloud
  8127 | D:6      | Found a staircase to the Ecumenical Temple.
  8155 | D:6      | Reached skill level 1 in Fighting
  8295 | D:6      | Noticed Grinder
  8306 | D:6      | Killed Grinder
  8684 | D:6      | Noticed Menkaure
  8693 | D:6      | Killed Menkaure
  9091 | D:7      | Gained mutation: You are surrounded by a strong repulsion
                  | field. (EV +4, RMsl) [demonic ancestry]
  9091 | D:7      | Reached XP level 9. HP: 64/64 MP: 6/14
  9106 | D:7      | Reached * piety under Vehumet
  9106 | D:7      | Offered knowledge of Magic Dart by Vehumet.
  9321 | D:7      | Found an ornate altar of the Wu Jian Council.
  9612 | D:7      | Noticed Joseph
  9624 | D:7      | Killed Joseph
 10062 | D:7      | Found an ornate altar of the Wu Jian Council.
 10305 | D:7      | Found an ancient bone altar of Kikubaaqudgha.
 10305 | D:7      | Found a hazy altar of Hepliaklqana.
 10536 | D:7      | Found a runed translucent door.
 10537 | D:7      | Noticed Crazy Yiuf
 10544 | D:7      | Killed Crazy Yiuf
 10832 | D:8      | Learned a level 1 spell: Animate Skeleton
 10834 | D:8      | Learned a level 1 spell: Foxfire
 10838 | D:8      | Learned a level 3 spell: Inner Flame
 10848 | D:8      | Reached skill level 5 in Spellcasting
 10853 | D:8      | Reached skill level 5 in Dodging
 10857 | D:8      | Reached skill level 5 in Fighting
 11497 | D:8      | Identified a scroll of acquirement
 11497 | D:8      | Acquired the ring of Sedunoe {rPois rC+ Str+6}
 11636 | D:8      | Found a shimmering altar of Xom.
 11636 | D:8      | Found a burning altar of Makhleb.
 11683 | D:9      | Offered knowledge of Shock by Vehumet.
 11684 | D:9      | Reached skill level 1 in Maces & Flails
 11688 | D:9      | Reached ** piety under Vehumet
 11708 | D:9      | Noticed Pikel
 11738 | D:9      | Found a burning altar of Makhleb.
 11747 | D:9      | Killed Pikel
 11748 | D:9      | Reached XP level 10. HP: 76/76 MP: 6/18
 11978 | D:9      | Found a staircase to the Orcish Mines.
 12613 | D:9      | Reached skill level 5 in Maces & Flails
 12657 | D:9      | Offered knowledge of Static Discharge by Vehumet.
 12666 | D:9      | Learned a level 3 spell: Static Discharge
 12890 | D:10     | Entered Level 10 of the Dungeon
 12890 | D:10     | Found a runed translucent door.
 12899 | D:10     | Found a basalt altar of Yredelemnul.
 12931 | D:10     | Noticed a centaur warrior
 12937 | D:10     | Killed a centaur warrior
 13317 | D:10     | Reached *** piety under Vehumet
 13318 | D:10     | Reached skill level 1 in Armour
 13836 | D:10     | Reached skill level 1 in Hexes
 14168 | D:10     | Offered knowledge of Stone Arrow by Vehumet.
 14172 | D:10     | Reached skill level 5 in Transmutations
 14203 | D:10     | Learned a level 3 spell: Ignite Poison
 14713 | D:11     | Noticed an eight-headed hydra
 14731 | D:11     | Killed an eight-headed hydra
 14732 | D:11     | Reached XP level 11. HP: 28/81 MP: 19/19
 15186 | D:11     | Reached skill level 1 in Conjurations
 15605 | D:11     | Found a staircase to the Lair.
 15746 | D:11     | Killed an unseen horror
 16224 | D:11     | Noticed a six-headed hydra
 16284 | D:11     | Found a stormy altar of Qazlal.
 16380 | D:11     | Killed a six-headed hydra
 16381 | D:11     | Reached skill level 5 in Conjurations
 16573 | Lair:1   | Entered Level 1 of the Lair of Beasts
 17137 | Lair:1   | Noticed a six-headed hydra
 17181 | D:11     | Learned a level 4 spell: Sticky Flame
 17357 | Lair:1   | Reached skill level 1 in Fire Magic
 17982 | Lair:1   | Killed a six-headed hydra
 17983 | Lair:1   | Reached skill level 5 in Fire Magic
 18313 | Lair:2   | Noticed a seven-headed hydra
 18325 | Lair:2   | Killed a seven-headed hydra
 18354 | Lair:2   | Reached **** piety under Vehumet
 18391 | Lair:2   | Noticed a boulder beetle
 18515 | Lair:2   | Offered knowledge of Lightning Bolt by Vehumet.
 18584 | Lair:2   | Found a staircase to the Snake Pit.
 18601 | Lair:2   | Reached XP level 12. HP: 53/87 MP: 17/20
 19040 | Lair:2   | Killed a boulder beetle
 20245 | Lair:2   | Noticed a death yak
 20245 | Lair:2   | Noticed a death yak
 20245 | Lair:2   | Noticed a death yak
 20246 | Lair:2   | Noticed a death yak
 20249 | Lair:2   | Killed a death yak
 20249 | Lair:2   | Killed a death yak
 20249 | Lair:2   | Noticed a death yak
 20249 | Lair:2   | Noticed a death yak
 20250 | Lair:2   | Reached skill level 10 in Fire Magic
 20256 | Lair:2   | Killed a death yak
 20256 | Lair:2   | Killed a death yak
 20280 | Lair:2   | Killed a death yak
 20283 | Lair:2   | Killed a death yak
 21039 | Lair:3   | Noticed a six-headed hydra
 21056 | Lair:3   | Killed a six-headed hydra
 21461 | Lair:3   | Found a large runed translucent door.
 21461 | Lair:3   | Found a large runed translucent door.
 21462 | Lair:3   | Noticed garrulousMonolith's ghost (journeyman GnWz)
 21501 | Lair:3   | Reached XP level 13. HP: 79/93 MP: 17/21
 22167 | Lair:4   | Reached skill level 1 in Evocations
 23041 | Lair:4   | Found a shimmering altar of Xom.
 23115 | Lair:4   | Reached ***** piety under Vehumet
 23116 | Lair:4   | Reached skill level 5 in Evocations
 23513 | Lair:4   | Found a staircase to the Shoals.
 23641 | Lair:4   | Offered knowledge of Airstrike by Vehumet.
 24212 | Lair:4   | Acquired an uncursed amulet of the acrobat
 25291 | Lair:5   | Noticed Nessos
 25307 | Lair:5   | Killed Nessos
 25475 | Lair:5   | Found a staircase to the Slime Pits.
 26342 | Lair:6   | Entered Level 6 of the Lair of Beasts
 26994 | Lair:6   | Reached skill level 5 in Armour
 27417 | Lair:6   | Gained mutation: Your demonic aura sometimes causes spilled
                  | blood to erupt in flames [demonic ancestry]
 27417 | Lair:6   | Reached XP level 14. HP: 104/104 MP: 13/22
 28649 | D:11     | Offered knowledge of Starburst by Vehumet.
 28938 | Orc:1    | Entered Level 1 of the Orcish Mines
 29724 | Orc:2    | Entered Level 2 of the Orcish Mines
 29724 | Orc:2    | Found a roughly hewn altar of Beogh.
 30205 | Orc:2    | Found a staircase to the Elven Halls.
 30903 | Orc:2    | Found Budyowag's Antique Armour Shoppe.
 31018 | Orc:2    | Found an ancient bone altar of Kikubaaqudgha.
 31018 | Orc:2    | Noticed Nergalle
 31043 | Orc:2    | Killed Nergalle
 31173 | Orc:2    | Found Luzuseu's Book Emporium.
 31280 | Orc:2    | Found a radiant altar of Vehumet.
 31288 | Orc:2    | Upgraded the game from 0.27-a0-263-gc8dee61f84 to
                  | 0.27-a0-277-g024f7ef292
 31570 | Orc:2    | Found a roughly hewn altar of Beogh.
 31571 | Orc:2    | Found Xotyabibb's Magic Scroll Shoppe.
 31619 | Orc:2    | Found Emaugics's Antique Armour Shoppe.
 31719 | Orc:2    | Bought a bloodstained scale mail for 261 gold pieces
 31720 | Orc:2    | Identified the cursed +0 scale mail "Boisk" {Rampage Dex+3}
                  | (You bought it in a shop on level 2 of the Orcish Mines)
 32519 | D:12     | Offered knowledge of Irradiate by Vehumet.
 32684 | D:12     | Learned a level 5 spell: Bolt of Magma
 33011 | D:12     | Noticed Kirke
 33021 | D:12     | Killed Kirke
 33330 | D:13     | Reached skill level 10 in Conjurations
 34414 | D:13     | Found a gate to the Vaults.
 34420 | D:13     | Reached skill level 1 in Earth Magic
 34888 | D:13     | Reached XP level 15. HP: 68/112 MP: 25/25
 35383 | D:14     | Found an ancient bone altar of Kikubaaqudgha.
 36333 | D:14     | Reached skill level 5 in Earth Magic
 36753 | D:15     | Entered Level 15 of the Dungeon
 37764 | D:15     | Found a staircase to the Depths.
 38818 | D:15     | Found Nigg's Antique Weapon Boutique.
 39461 | D:15     | Bought an ancient spear for 264 gold pieces
 39461 | D:15     | Bought an ichor-stained short sword for 264 gold pieces
 39462 | D:15     | Identified the +10 spear "Jellybane" {vorpal, rN+ Will+
                  | Int+2 SInv} (You bought it in a shop on level 15 of the
                  | Dungeon)
 39463 | D:15     | Acquired 1004 gold pieces
 39467 | D:15     | Identified the cursed +1 short sword of the Wraith {flame,
                  | +Rage rElec} (You bought it in a shop on level 15 of the
                  | Dungeon)
 39617 | Snake:1  | Entered Level 1 of the Snake Pit
 39673 | Shoals:1 | Entered Level 1 of the Shoals
 39673 | Shoals:1 | Noticed Louise
 39673 | Shoals:1 | Noticed Josephine
 39683 | Lair:4   | Killed Josephine
 40518 | Lair:4   | Killed Louise
 42668 | Shoals:1 | Noticed Nikola
 42711 | Shoals:1 | Killed Nikola
 42712 | Shoals:1 | Reached skill level 10 in Fighting
 43137 | Shoals:1 | Gained mutation: You have a pair of antennae on your head.
                  | [demonic ancestry]
 43137 | Shoals:1 | Reached XP level 16. HP: 122/122 MP: 16/26
 45849 | Snake:1  | Found Dynamnec's Antique Weapon Boutique.
 45854 | Snake:1  | Found Rubbyso's Jewellery Boutique.
 45861 | Snake:1  | Bought a fine morningstar for 243 gold pieces
 45861 | Snake:1  | Identified the +8 morningstar "Ynuer" {vorpal, rC+} (You
                  | bought it in a shop on level 1 of the Snake Pit)
 45868 | Snake:1  | Bought the ring of Quuve {rF+ MP+9 Str+3} for 564 gold
                  | pieces
 45885 | Snake:1  | Offered knowledge of Conjure Ball Lightning by Vehumet.
 46485 | Snake:1  | Identified the +12 hunting sling of Context {freeze, rN+
                  | Int+2} (You found it on level 1 of the Snake Pit)
 46627 | Snake:2  | Reached skill level 1 in Slings
 47120 | Snake:2  | Noticed Asterion
 47125 | Snake:2  | Noticed Vashnia
 47152 | Snake:2  | Killed from afar by Asterion

Illustrated notes

Levels and vault maps discovered:
D:1:      dpeg_arrival_long_road, layout_loops_ring
D:2:      layout_loops_cross
D:3:      layout_basic, gammafunk_ghost_cemetery
D:4:      layout_basic, enter_ossuary_3
D:5:      layout_rooms, overflow_temple_1_default, serial_glass,
          glass_columns_c, glass_columns_c, glass_columns_b, glass_columns_b,
          glass_columns_a, glass_columns_a, glass_columns_a, glass_columns_c,
          glass_columns_b, glass_columns_a, glass_columns_b, glass_columns_a,
          glass_columns_a, glass_columns_b, minmay_strange_pillars,
          minmay_strange_pillars
D:6:      layout_rooms, minmay_temple_entry_enclosed_plants, zaba_anthole,
          uniq_grinder, uniq_menkaure, uniq_maggie
D:7:      layout_basic, kennysheep_mini, grunt_temple_overflow_open,
          basic_altar, minivault_25, minmay_circle_x, uniq_crazy_yiuf_cottage,
          uniq_joseph
D:8:      layout_rooms, grunt_temple_overflow_champion_of_chaos
D:9:      layout_cave_pools, zombieorc1_lemuel, minmay_misc_feat_secret_circle,
          bloody_makhleb, uniq_pikel
D:10:     layout_roguey, dk_yredelemnul_ordeal
D:11:     layout_roguey, grunt_lair_entry_orc_guard_hut, basic_altar
D:12:     layout_cave_pods, lemuel_nasty_fountain, uniq_kirke
D:13:     kennysheep_bubbly, layout_rooms, david_vaults_1, serial_bayou_pond_a
D:14:     layout_grid_maze, roderic_roman_lattice, basic_altar,
          serial_bayou_pond_d, hangedman_abyss_or_decor_slice, hive_lemuel
D:15:     hangedman_depths_entry_civil_slaughter, layout_basic, serial_bayou,
          serial_bayou_shore_a, serial_bayou_lagoon_a, serial_bayou_lake_a,
          serial_bayou_pond_a, serial_shops, shop
Lair:1:   layout_gridlike
Lair:2:   layout_regular_city, dummy_snake_entry
Lair:3:   layout_regular_city, ebering_ghost_disaster_area, grunt_megastairs_1
Lair:4:   layout_roguey, minmay_shoals_entry_centaurs, lemuel_centaur_altar,
          serial_bayou_shore_b, infiniplex_staircase_pool,
          minmay_lair_oklob_chamber
Lair:5:   layout_regular_city, minmay_slime_entry_eyes,
          small_statue_intersection, wad_woods_road_04, uniq_nessos
Lair:6:   hangedman_lair_tendril_chambers, layout_loops_ring,
          grunt_forest_small_clearings, grunt_forest_stairs_basic
Shoals:1: layout_shoals, ldierk_geyser, nicolae_shoals_this_corrosion,
          uniq_louise, uniq_josephine, uniq_nikola
Snake:1:  layout_misc_corridors, grunt_ministairs_4, grunt_megastairs_4,
          minmay_shop_star
Snake:2:  nicolae_sea_snake_s, layout_cave_town, grunt_ministairs_8,
          minmay_shoptagon, uniq_asterion, uniq_aizul, uniq_vashnia
Orc:1:    layout_caves
Orc:2:    kennysheep_orc_mage_school, layout_caves, basic_altar

Skill      XL: |  1  2  3  4  5  6  7  8  9 10 11 12 13 14 15 16 |
---------------+-------------------------------------------------+-----
Poison Magic   | 4 5 6 7 9 |  9.8
Transmutations | 2 4 5 |  5.2
Air Magic      | 1 3 4 |  4.4
Dodging        | 3 5 6 |  6.0
Fighting       | 3 5 6 7 8 10 | 10.7
Spellcasting   | 3 5 6 7 |  7.0
Maces & Flails | 3 6 |  6.8
Armour         | 3 5 6 8 |  8.9
Hexes          | 3 |  3.4
Conjurations   | 6 8 10 11 | 11.8
Fire Magic     | 6 11 | 11.0
Evocations     | 6 |  6.3
Earth Magic    | 3 8 |  8.0
Slings         | 3 |  3.3
Stealth        | |  1.7

Action                   |  1- 3 |  4- 6 |  7- 9 | 10-12 | 13-15 | 16-18 || total
-------------------------+-------+-------+-------+-------+-------+-------++-------
Melee: Short sword       |     2 |       |       |       |    10 |     2 ||    14
       Dagger            |       |    41 |       |       |       |       ||    41
       Whip              |       |    26 |   143 |   259 |   403 |    57 ||   888
       Unarmed           |       |       |    10 |       |       |       ||    10
       Mace              |       |       |     6 |       |       |       ||     6
       Staff             |       |       |       |     5 |    30 |       ||    35
 Fire: Hunting sling     |       |       |     9 |   155 |   159 |    34 ||   357
Throw: Dart              |       |       |     4 |    34 |       |       ||    38
       Stone             |       |       |       |     9 |    19 |       ||    28
       Boomerang         |       |       |       |       |    21 |     2 ||    23
 Cast: Sting             |    41 |    19 |    27 |     2 |       |       ||    89
       Poisonous Vapours |     7 |    48 |    76 |   101 |   295 |    24 ||   551
       Mephitic Cloud    |       |       |       |     3 |     2 |       ||     5
       Olgreb's Toxic Ra |       |       |       |    23 |    67 |     3 ||    93
       Ignite Poison     |       |       |       |    14 |    71 |     7 ||    92
       Sticky Flame      |       |       |       |     8 |   122 |    29 ||   159
       Static Discharge  |       |       |       |       |     7 |       ||     7
       Animate Skeleton  |       |       |       |       |    11 |    14 ||    25
       Bolt of Magma     |       |       |       |       |    39 |    13 ||    52
Evoke: Wand              |       |       |       |    25 |    21 |     4 ||    50
  Use: Scroll            |       |     6 |    18 |    16 |    16 |     9 ||    65
       Potion            |       |       |     5 |     2 |     7 |     1 ||    15
 Stab: Sleeping          |       |     1 |       |       |       |       ||     1
       Paralysed         |       |       |       |     9 |    10 |     3 ||    22
       Distracted        |       |       |       |       |     2 |       ||     2
       Confused          |       |       |       |       |     1 |       ||     1
Armor: Robe              |     5 |     5 |       |       |       |       ||    10
       Leather armour    |       |     5 |     4 |       |       |       ||     9
       Swamp dragon scal |       |       |    71 |    94 |   229 |    41 ||   435
Dodge: Dodged            |    16 |    51 |   148 |   260 |   687 |   108 ||  1270
       Repelled          |       |       |       |     3 |     7 |    10 ||    20

Table legend: (Time is in decaauts)
 A = Elapsed time spent in this place.
 B = Non-inter-level travel time spent in this place.
 C = Inter-level travel time spent in this place.
 D = Time resting spent in this place.
 E = Time spent auto-exploring this place.
 F = Levels seen in this place.
 G = Mean time per level.
                   A        B        C        D        E       F      G
               +--------+--------+--------+--------+--------+-----+--------+
         Total |  47185 |  45910 |   1275 |  20765 |  17764 |  26 | 1814.8 |
       Dungeon |  25061 |  24407 |    654 |  10801 |   9673 |  15 | 1670.7 |
          Lair |  14588 |  14259 |    329 |   6794 |   5435 |   6 | 2431.3 |
        Shoals |   2902 |   2873 |     29 |   1729 |    650 |   1 | 2902.0 |
     Snake Pit |   2112 |   2075 |     37 |    647 |   1010 |   2 | 1056.0 |
  Orcish Mines |   2521 |   2296 |    225 |    793 |    995 |   2 | 1260.5 |
               +--------+--------+--------+--------+--------+-----+--------+

Top non-repeatable levels by time:
  Lair:2: 3903 daAuts
  Lair:4: 3765 daAuts
Shoals:1: 2902 daAuts
    D:15: 2418 daAuts
    D:11: 2276 daAuts
     D:3: 2232 daAuts
    D:13: 2228 daAuts
     D:9: 2203 daAuts
   Orc:2: 2169 daAuts
  Lair:6: 1896 daAuts
  Lair:5: 1850 daAuts
    D:14: 1791 daAuts
  Lair:1: 1760 daAuts
     D:6: 1753 daAuts
     D:7: 1703 daAuts
